 Seeded DCSS version 0.30-a0-377-g5cb311bc9f (webtiles) character file.

Game seed: 12882034922843276435 (custom seed)

45 purpskrrrp the Ducker (level 3, -1/23 HPs)
             Began as a Tengu Monk on Nov 28, 2022.
             Slain by a gnoll
             ... wielding a +0 club
              (8 damage)
             ... on level 1 of the Dungeon.
             The game lasted 00:02:11 (1155 turns).

purpskrrrp the Ducker (Tengu Monk)                  Turns: 1155, Time: 00:02:12

Health: -1/23      AC:  2    Str: 11    XL:     3   Next: 64%
Magic:  4/4        EV: 14    Int: 10    God:
Gold:   69         SH:  0    Dex: 18    Spells: 2/2 levels left

rFire   . . .      SeeInvis .    a - +0 falchion
rCold   . . .      Faith    .    (no shield)
rNeg    . . .      Spirit   .    b - +0 robe
rPois   .          Reflect  .    (helmet restricted)
rElec   .          Harm     .    h - scarf {shadows}
rCorr   .          Rampage  .    (no gloves)
Will    .....                    (boots unavailable)
Stlth   ++........               (no amulet)
HPRegen 0.23/turn                (no ring)
MPRegen 0.09/turn                (no ring)

@: studying Dodging
A: beak, talons 3
a: no special abilities


You were on level 1 of the Dungeon.
You visited 1 branch of the dungeon, and saw 2 of its levels.

You collected 69 gold pieces.

Inventory:

Hand Weapons
 a - a +0 falchion (weapon)
Armour
 b - a +0 robe (worn)
 h - a scarf of shadows (worn)
Jewellery
 g - a ring of flight
Scrolls
 d - a scroll of enchant armour {unknown}
 e - 2 scrolls of blinking {unknown}
 f - 2 scrolls of butterflies {unknown}
 j - a scroll of magic mapping {unknown}
Potions
 i - a potion of heal wounds {unknown}


   Skills:
 + Level 3.3 Fighting
 * Level 4.0 Long Blades
 + Level 4.0 Dodging
 + Level 2.5 Stealth


You had 2 spell levels left.
You didn't know any spells.
Your spell library was empty.

Dungeon Overview and Level Annotations

Branches:
Dungeon (2/15)

Altars:


Innate Abilities, Weirdness & Mutations

You have a beak for a mouth.
You have claws for feet.


Message History

You are too injured to fight recklessly!
The gnoll attacks as you move away! The gnoll barely misses you.
The gnoll attacks as you move away! The gnoll closely misses you.
You completely miss the gnoll. You claw the gnoll.
The gnoll is lightly wounded.
The gnoll closely misses you. The gnoll misses you.
You closely miss the gnoll.
The gnoll is lightly wounded.
The gnoll barely misses you.
The gnoll hits you from afar with a +0 halberd!
* * * LOW HITPOINT WARNING * * *
You are confused.
You feel invigorated. The gnoll closely misses you. x2
You bump into the rock wall.
The gnoll hits you with a +0 club. The gnoll closely misses you.
You hit the gnoll but do no damage. Your peck misses the gnoll.
The gnoll is lightly wounded.
The gnoll hits you with a +0 club. The gnoll misses you.
The gnoll attacks as you move away! The gnoll hits you with a +0 club.
You bump into the rock wall.
The gnoll hits you with a +0 club.
The gnoll hits you from afar with a +0 halberd!
You feel less invigorated.
You feel less confused. The gnoll hits you with a +0 club.
The gnoll misses you. The gnoll closely misses you.
There is a stone staircase leading up here.
The gnoll closely misses you.
You climb upwards.
There is a stone staircase leading down here.
You hit the gnoll.
The gnoll is moderately wounded.
The gnoll barely misses you. The gnoll hits you with a +0 club!
* * * LOW HITPOINT WARNING * * *
You hit the gnoll but do no damage.
The gnoll is moderately wounded.
The gnoll hits you but does no damage.
You hit the gnoll. You claw the gnoll.
The gnoll is almost dead.
The gnoll hits you with a +0 club!
You die...

###....# ###########..P##~##P...
#....####........##...~~~~~.[<.
###................##..P##~##P...
...................##...P#~#P....
###..........).....##............
###..............#....######..#
#......).......#....# #...
#####...........g..#....# #.##
...##.........).@.......# #.##
##.##........###.###....# #...
.#.##........# #.# #....# #...
.#.######....# #.###....# #...
.#.# #....# #...#....# #... .#.#
#.[..###...#....# #.#. ...#
#.............### #.#.
.).##########.....[...# #.#.
...........##.........########.#.


You could see a gnoll.

Vanquished Creatures
  A gnoll (D:2)
  An adder (D:2)
  6 bats (D:1)
  2 endoplasms
  3 goblins (D:1)
  4 hobgoblins
  2 kobolds (D:1)
  A quokka (D:1)
  3 frilled lizards (D:1)
  3 rats (D:1)
26 creatures vanquished.

Notes
Turn   | Place    | Note
-------+----------+-------------------------------------------
     0 | D:1      | purpskrrrp the Tengu Monk began the quest for the Orb.
     0 | D:1      | Reached XP level 1. HP: 14/14 MP: 2/2
   120 | D:1      | Reached XP level 2. HP: 18/19 MP: 3/3
   124 | D:1      | Identified a scroll of acquirement
   124 | D:1      | Acquired a manual of Dodging
  1028 | D:2      | Reached XP level 3. HP: 23/23 MP: 4/4
  1155 | D:1      | Slain by a gnoll

Illustrated notes

Levels and vault maps discovered:
D:1:      eino_arrival_water_cross, layout_basic
D:2:      layout_basic, solitary_fountain

Skill      XL: |  1  2  3 |
---------------+----------+-----
Long Blades    | 4 |  4.0
Dodging        | 4 |  4.0
Fighting       | |  3.3
Stealth        | |  2.5

Action                   || total
-------------------------++-------
Melee: Falchion          ||    53
       Kick              ||    13
       Peck              ||     7
  Use: Scroll            ||     2
       Potion            ||     1
 Stab: Sleeping          ||     4
Armor: Robe              ||     5
Dodge: Dodged            ||    48

Table legend: (Time is in decaauts)
 A = Elapsed time spent in this place.
 B = Non-inter-level travel time spent in this place.
 C = Inter-level travel time spent in this place.
 D = Time resting spent in this place.
 E = Time spent auto-exploring this place.
 F = Levels seen in this place.
 G = Mean time per level.
                   A        B        C        D        E       F      G
               +--------+--------+--------+--------+--------+-----+--------+
         Total |   1161 |   1120 |     41 |      0 |    896 |   2 |  580.5 |
       Dungeon |   1161 |   1120 |     41 |      0 |    896 |   2 |  580.5 |
               +--------+--------+--------+--------+--------+-----+--------+

Top non-repeatable levels by time:
     D:1: 1019 daAuts
     D:2: 141 daAuts
